 Dungeon Crawl Stone Soup version 0.31-a0-233-g139696dc86 (webtiles) character file.

Game seed: 12466522949729841923

613 innerfire43 the Chopper (level 7, -2/55 HPs)
             Began as a Demonspawn Monk on July 9, 2023.
             Was an Initiate of Cheibriados.
             Slain by a troll (9 damage)
             ... summoned by the darkness of Dithmenos
             ... on level 5 of the Dungeon.
             The game lasted 00:05:38 (4934 turns).

innerfire43 the Chopper (Demonspawn Monk)           Turns: 4934, Time: 00:05:38

Health: -2/55      AC:  3    Str: 13 (14) XL:     7   Next: 20%
Magic:  7/7        EV: 11    Int: 11 (12) God:    Cheibriados [......]
Gold:   287        SH:  0    Dex: 14 (17) Spells: 6/6 levels left

rFire   . . .        q - +3 hand axe
rCold   . . .        i - +0 kite shield
rNeg    . . .        b - +0 robe
rPois   .            (no helmet)
rElec   .            (no cloak)
rCorr   .            (no gloves)
SInv    .            y - +0 pair of boots
Will    .....        e - amulet of reflection
Stlth   +            (no ring)
HPRegen 0.29/turn    (no ring)
MPRegen 0.10/turn

%: reflection
@: confused, ambrosia-drunk, very slow
A: powered by pain 1, spiny 1, demonic touch 2
a: Renounce Religion


You were on level 5 of the Dungeon.
You worshipped Cheibriados.
Cheibriados was noncommittal.
You visited 2 branches of the dungeon, and saw 6 of its levels.

You collected 287 gold pieces.

Inventory:

Hand Weapons
 a - a +0 hand axe
 g - a +1 flail of protection
 n - the +1 mace of a ziggurat {heavy, rF+ rN+ Will+ Str-3}
   (You found it on level 2 of the Dungeon)

   Str:       It affects your strength (-3).
   rF:        It protects you from fire.
   rN:        It protects you from negative energy.
   Will:      It increases your willpower.
 q - a +3 hand axe (weapon)
Missiles
 j - 5 silver boomerangs
Armour
 b - a +0 robe (worn)
 d - an orb of light
 i - a +0 kite shield (worn)
 y - a +0 pair of boots (worn)
Jewellery
 e - an amulet of reflection (around neck)
Wands
 p - a wand of mindburst (15)
 s - a wand of charming (14)
 t - a wand of flame (22)
 z - a wand of light (9)
Scrolls
 f - 5 scrolls of identify {unknown}
 h - a scroll of torment {unknown}
 k - 2 scrolls of teleportation {unknown}
 o - 2 scrolls of noise {unknown}
 r - a scroll of revelation {unknown}
 u - a scroll of amnesia {unknown}
 x - a scroll of vulnerability {unknown}
Potions
 v - a potion of resistance
 A - a potion of enlightenment {unknown}
 B - 2 potions of attraction {unknown}


   Skills:
 + Level 4.8 Fighting
 + Level 4.8(4.9) Axes
 - Level 1.2(3.3) Maces & Flails
 + Level 4.4 Dodging
 * Level 2.2 Shields


You had 6 spell levels left.
You didn't know any spells.
Your spell library contained the following spells:

 Spells                   Type           Power      Damage    Failure   Level
 Apportation              Tloc           0%         N/A       78%         1
 Foxfire                  Conj/Fire      0%         2x1d4     78%         1
 Kiss of Death            Conj/Necr      0%         2d5       78%         1
 Necrotise                Necr           0%         1d4       78%         1
 Summon Small Mammal      Summ           0%         N/A       78%         1
 Ensorcelled Hibernation  Hex/Ice        0%         N/A       89%         2
 Passwall                 Tmut/Erth      0%         N/A       89%         2
 Sublimation of Blood     Necr           0%         N/A       89%         2
 Wereblood                Tmut           0%         N/A       89%         2
 Call Canine Familiar     Summ           0%         N/A       98%         3
 Confusing Touch          Hex            0%         N/A       98%         3
 Portal Projectile        Hex/Tloc       0%         N/A       98%         3
 Swiftness                Air            0%         N/A       98%         3
 Dispel Undead            Necr           0%         3d6       100%        4
 Leda's Liquefaction      Hex/Erth       0%         N/A       100%        4
 Fireball                 Conj/Fire      0%         3d3       100%        5
 Plasma Beam              Fire/Air       0%         2x1d10    100%        6
 Starburst                Conj/Fire      0%         6d3       100%        6
 Summon Hydra             Summ           0%         N/A       100%        7


Dungeon Overview and Level Annotations

Branches:
Dungeon (5/15)             Temple (1/1) D:4

Altars:
Cheibriados
Dithmenos
Gozag
Hepliaklqana
Kikubaaqudgha
Okawaru
Qazlal
Uskayaw
Vehumet
Wu Jian
Yredelemnul


Innate Abilities, Weirdness & Mutations

You sometimes gain a little power by taking damage.
You are partially covered in sharp spines.
Your touch may inflict irresistible damage on your foes.


Message History

There are monsters nearby!
You hit the shadow.
The shadow is heavily damaged.
You hit the troll. The troll bites you but does no damage.
You block the troll's attack. The troll barely misses you. The shadow hits you!
There are monsters nearby!
You hit the shadow but do no damage.
The shadow is heavily damaged.
You hit the troll but do no damage. The troll bites you. The troll claws you!
The troll claws you. The shadow misses you.
There are monsters nearby!
You are too injured to fight recklessly!
You hit the troll.
The troll is lightly wounded.
You hit the shadow but do no damage. You block the troll's attack.
The troll barely misses you. The troll claws you!
* * * LOW HITPOINT WARNING * * *
The shadow is struck by your spines. The shadow hits you.
Unknown command.
It was a potion of curing.
You feel better. You block the troll's attack. The troll claws you!
* * * LOW HITPOINT WARNING * * *
The troll claws you.
* * * LOW HITPOINT WARNING * * *
You block the shadow's attack.
It was a potion of degeneration.
There was something very wrong with that liquid.
You feel weakened.
You feel dopey.
You feel clumsy.
You block the troll's attack. x3; You block the shadow's attack.
It was a potion of heal wounds.
You feel much better. The troll is struck by your spines. The troll bites you!
* * * LOW HITPOINT WARNING * * *
The troll completely misses you. The troll claws you.
* * * LOW HITPOINT WARNING * * *
You block the shadow's attack.
You are confused.
You feel invigorated. The troll bites you.
* * * LOW HITPOINT WARNING * * *
The troll claws you!
You die...

#....##..#....#...#....#.........
#....##..#....#...#....#.........
#.....>..##...##..#....'......>..
#........##...##..#....##########
#....##..'....#...#........#...##
#....######...#...#........#...##
#....##..##...##..#........#...#.
#........##...##..#........#...#.
#.. #.......##@W#####....#...#.
#.......##T.##..'....#...##
#))##...##..#...#....#...##
+).##+####..##..#....#....# ##+#
#.......#...##..#....#....#
....##.......+....#..'....#...##
.............#....'..#....#...##
.............#...##..#....#...#.
######.......#...#####....#...'.


You could see a troll (summoned) and a shadow (summoned).

Vanquished Creatures
  A phantom (D:5)
  A scorpion (D:5)
  2 orc priests
  Jessica (D:2)
  Ijyb (D:3)
  5 iguanas (D:5)
  An orc wizard (D:3)
  10 adders
  2 ufetubi (D:5)
  3 worms
  6 dart slugs
  15 orcs
  7 endoplasms
  6 giant cockroaches
  4 goblins
  6 hobgoblins
  4 jackals (D:3)
  4 quokkas
  9 ball pythons
  3 bats
  5 frilled lizards
  5 kobolds
  5 rats
106 creatures vanquished.

Notes
Turn   | Place    | Note
-------+----------+-------------------------------------------
     0 | D:1      | innerfire43 the Demonspawn Monk began the quest for the
                  | Orb.
     0 | D:1      | Reached XP level 1. HP: 18/18 MP: 1/1
   141 | D:1      | Gained mutation: You sometimes gain a little power by
                  | taking damage. [demonic ancestry]
   141 | D:1      | Reached XP level 2. HP: 8/24 MP: 2/2
   626 | D:1      | Reached XP level 3. HP: 25/29 MP: 3/3
   695 | D:1      | Found a faded altar of an unknown god.
   909 | D:1      | Prayed at the altar of an unknown god.
   909 | D:1      | Became a worshipper of Dithmenos the Shadowed
   909 | D:1      | Reached * piety under Dithmenos
   909 | D:1      | Reached ** piety under Dithmenos
   998 | D:2      | Noticed Jessica
  1008 | D:2      | Killed Jessica
  1082 | D:2      | Reached *** piety under Dithmenos
  1087 | D:2      | Gained mutation: Your touch may inflict minor irresistible
                  | damage on your foes. [demonic ancestry]
  1087 | D:2      | Reached XP level 4. HP: 28/36 MP: 4/4
  1894 | D:2      | Identified the +1 mace of a ziggurat {heavy, rF+ rN+ Will+
                  | Str-3}
  1991 | D:2      | Reached XP level 5. HP: 42/42 MP: 5/5
  2266 | D:3      | Reached skill level 1 in Maces & Flails
  2508 | D:3      | Noticed Ijyb
  2528 | D:3      | Killed Ijyb
  2852 | D:3      | Reached **** piety under Dithmenos
  2868 | D:3      | Gained mutation: Your touch may inflict irresistible damage
                  | on your foes. [demonic ancestry]
  2868 | D:3      | Reached XP level 6. HP: 19/48 MP: 6/6
  3631 | D:4      | Found a staircase to the Ecumenical Temple.
  3644 | Temple   | Entered the Ecumenical Temple
  3689 | Temple   | Fell from the grace of Dithmenos
  3689 | Temple   | Became a worshipper of Cheibriados the Contemplative
  3732 | D:5      | Entered Level 5 of the Dungeon
  4006 | D:5      | Reached skill level 1 in Shields
  4445 | D:5      | Gained mutation: You are partially covered in sharp spines.
                  | [demonic ancestry]
  4445 | D:5      | Reached XP level 7. HP: 52/55 MP: 7/7
  4927 | D:5      | Noticed a troll
  4927 | D:5      | Noticed a shadow
  4934 | D:5      | Slain by a troll

Illustrated notes

Levels and vault maps discovered:
D:1:      minmay_arrival_four_loops, layout_loops_ring,
          shapermc_ecumenical_altar_mp_vishouse
D:2:      layout_loops_corners, minmay_gold_behind_fungi,
          grunt_decor_resistance, hangedman_decor_growths, uniq_jessica
D:3:      layout_basic, minmay_fractal_squares_diagonal_5, uniq_ijyb
D:4:      layout_rooms, minmay_temple_entry_offerings
D:5:      layout_gridville
Temple:   regret_index_temple_chain_breaker

Skill      XL: |  1  2  3  4  5  6 |
---------------+-------------------+-----
Axes           | 3 4 |  4.8
Dodging        | 3 4 |  4.4
Maces & Flails | 1 |  1.2
Fighting       | 4 |  4.8
Shields        | 2 |  2.2

Action                     |  1- 3 |  4- 6 |  7- 9 || total
---------------------------+-------+-------+-------++-------
  Melee: Hand axe          |    60 |   143 |    27 ||   230
         Flail             |    33 |    56 |       ||    89
         Mace              |       |    48 |       ||    48
    Use: Potion            |       |     2 |     4 ||     6
   Stab: Sleeping          |       |     8 |       ||     8
 Armour: Robe              |    14 |    34 |     5 ||    53
         Skin              |       |     3 |       ||     3
  Dodge: Dodged            |    70 |   145 |    11 ||   226
  Block: Kite shield       |       |    95 |    29 ||   124

Table legend: (Time is in decaauts)
 A = Elapsed time spent in this place.
 B = Non-inter-level travel time spent in this place.
 C = Inter-level travel time spent in this place.
 D = Time resting spent in this place.
 E = Time spent auto-exploring this place.
 F = Levels seen in this place.
 G = Mean time per level.
                   A        B        C        D        E       F      G
               +--------+--------+--------+--------+--------+-----+--------+
         Total |   5263 |   5051 |    212 |      0 |   4020 |   6 |  877.2 |
       Dungeon |   5192 |   5004 |    188 |      0 |   3990 |   5 | 1038.4 |
        Temple |     70 |     46 |     24 |      0 |     30 |   1 |   70.0 |
               +--------+--------+--------+--------+--------+-----+--------+

Top non-repeatable levels by time:
     D:5: 1401 daAuts
     D:3: 1229 daAuts
     D:2: 1162 daAuts
     D:1: 964 daAuts
     D:4: 435 daAuts
  Temple: 70 daAuts
